Cogmind - Beta 9.6 --- EXPLORER MODE // 2020.04.18 @ 20:27:23 // Winter2019/RPGLIKE Player: hemo Result: Destroyed by QJ-7JB(g) with Beamcaster Performance ------------- Evolutions (3) 1500 Regions Visited (9) 1800 Robots Destroyed (291) 1455 Value Destroyed (10831) 10831 Prototype IDs (50) 1000 Alien Tech Used (0) 0 Bonus (1035) 1035 TOTAL SCORE: 17621 Bonus ------- High Alert Combat Kills 436 Follower Combat Kills 459 Aligned with FarCom 300 Friendly Fire -160 Cogmind --------- Core Integrity 0/600 Matter 300/300 Energy 517/725 System Corruption 5% Temperature Cool (9) Movement Treading (220) Ox3 Location -7/Lower Caves Parts ------- > --- POWER (3) -------- Cooled Ion Engine Cooled Ion Engine Neutrino Core > --- PROPULSION (1) --- Medium Treads > --- UTILITY (5) ------ Experimental Sensor Array Advanced Terrain Scanner Advanced Targeting Computer Particle Charger Medium Reactive Plating > --- WEAPON (9) ------- Lightning Gun Lightning Gun Arc Projector Arc Projector Improved EM Pulse Cannon Improved EM Pulse Cannon Mining Laser Mining Laser Mining Laser > --- INVENTORY (3) ---- Energy Filter Weapon Cycler Great Axe Peak State ------------ > --- POWER ------------ Cooled Ion Engine Cooled Ion Engine Fission Core > --- PROPULSION ------- Medium Treads > --- UTILITY ---------- Experimental Sensor Array Advanced Terrain Scanner Advanced Targeting Computer Weapon Cycler Reactive Plating > --- WEAPON ----------- Improved EM Shotgun Improved EM Shotgun Lightning Gun Heavy Laser Heavy Laser Gatling Laser EM Pulse Cannon Improved EM Pulse Cannon Shock Bomb Launcher > --- INVENTORY -------- Particle Charger Mining Laser Great Axe [Rating: 66] Favorites ----------- Power Cooled Ion Engine Engine Cooled Ion Engine Power Core Light Nuclear Core Propulsion Medium Treads Treads Medium Treads Hover Unit Backup Propulsion I Utility Experimental Sensor Array Device Experimental Sensor Array Storage High-capacity Battery Processor Advanced Targeting Computer Protection Medium Reactive Plating Weapon Mining Laser Energy Gun Lightning Gun Energy Cannon Improved EM Pulse Cannon Ballistic Gun Enhanced Autogun Launcher Shock Bomb Launcher Special Weapon Mining Laser Slashing Weapon Makeshift Sword Build | -11 -10 -10 -10 -9 -8 -8 -7 -7 -7 ------- Run | Scr Mat Min Exi Min Mat Sto Fac Low Low Slots Evolved 14 | 3 1 . 1 . 5 2 2 . . Power 2 | 1 . . . . . 1 . . . Propulsion . | . . . . . . . . . . Utility 4 | 1 . . . . 2 1 . . . Weapon 8 | 1 1 . 1 . 3 . 2 . . Parts Attached 188 | 6 14 5 2 3 38 31 87 1 1 Power 23 | 2 1 1 . 2 5 7 4 1 . Engine 14 | 2 1 . . 2 1 5 3 . . Core 9 | . . 1 . . 4 2 1 1 . Reactor . | . . . . . . . . . . Propulsion 12 | 1 1 . . . 4 2 4 . . Treads 12 | 1 1 . . . 4 2 4 . . Leg . | . . . . . . . . . . Wheel . | . . . . . . . . . . Hover . | . . . . . . . . . . Flight . | . . . . . . . . . . Utility 44 | 2 6 4 . . 7 3 22 . . Device 19 | . . 2 . . 2 2 13 . . Storage 2 | . 1 . . . . . 1 . . Processor 2 | . . . . . 1 . 1 . . Hackware . | . . . . . . . . . . Protection 21 | 2 5 2 . . 4 1 7 . . Artifact . | . . . . . . . . . . Weapon 109 | 1 6 . 2 1 22 19 57 . 1 Energy Gun 65 | 1 1 . 1 . 14 13 34 . 1 Energy Cannon 8 | . . . . . . . 8 . . Ballistic Gun 1 | . . . . . . 1 . . . Ballistic Cannon . | . . . . . . . . . . Launcher 4 | . . . . . . . 4 . . Special Weapon 24 | . 5 . 1 1 3 3 11 . . Impact Weapon . | . . . . . . . . . . Slashing Weapon 7 | . . . . . 5 2 . . . Piercing Weapon . | . . . . . . . . . . Special Melee Weapon . | . . . . . . . . . . Unidentified Prototypes 6 | . . 1 . . . 3 2 . . Parts Lost 2 | . . . . . 1 . 1 . . Power . | . . . . . . . . . . Propulsion . | . . . . . . . . . . Utility . | . . . . . . . . . . Weapon 2 | . . . . . 1 . 1 . . Highest Loss Streak 1 | . . . . . 1 . 1 . . Average Slot Usage (%) 98 | . 98 99 93 88 94 99 98 100 100 Engine 11 | . 27 21 11 11 . 13 12 11 11 Core 5 | . . 2 11 11 14 2 3 5 5 Treads 6 | . 13 12 11 11 6 6 5 5 5 Device 13 | . . 8 11 11 8 15 16 16 16 Processor 4 | . . . . . 5 6 5 5 5 Protection 7 | . 23 10 11 11 7 6 5 5 5 Energy Gun 21 | . 24 . 5 11 32 26 22 16 18 Energy Cannon 6 | . . . . . . . 9 16 14 Special Weapon 15 | . 4 37 29 22 14 12 13 16 16 Naked Turns . | . . . . . . . . . . Heaviest Build 90 | 14 27 24 28 30 43 55 86 90 90 Greatest Support 28 | 20 20 20 20 20 22 22 28 28 28 Greatest Overweight (x) 11 | . 4 1 1 1 11 3 3 3 3 Average Overweight (x) 1 | . . . . 1 1 1 2 3 2 Largest Inventory Capacity 3 | 1 1 1 2 2 2 3 3 3 3 Average Capacity 2 | . 1 1 1 2 2 2 3 3 3 Most Carried 3 | . 1 1 2 2 2 3 3 3 3 Average Carried 2 | . . 1 1 1 1 2 2 3 3 Final Capacity 3 | 1 1 1 2 2 2 3 3 3 3 Final Carried 3 | . 1 1 2 2 2 3 3 3 3 Class Distribution -------------------- 23% | Hacker-Executioner 15% | Hacker-Skirmisher 12% | Pyromaniac-Executioner 10% | Pyromaniac-Assassin 9% | Generator-Executioner 9% | Hacker-Gunner 5% | Hacker-Mutant 4% | Generator-Mutant Dominant Class ---------------- Hacker-Mutant | -10/Materials Hacker-Gunner | -10/Mines Hacker-Gunner | -10/Exiles Hacker-Skirmisher | -9/Mines Pyromaniac-Executioner | -8/Materials Pyromaniac-Assassin | -8/Storage Hacker-Executioner | -7/Factory Generator-Mutant | -7/Lower Caves Generator-Executioner | -7/Lower Caves Resources | -11 -10 -10 -10 -9 -8 -8 -7 -7 -7 ----------- Run | Scr Mat Min Exi Min Mat Sto Fac Low Low Matter Collected 2702 | 260 100 90 . 50 371 319 1275 158 79 Remotely . | . . . . . . . . . . Salvage Created 10812 | 133 684 14 . 142 2141 744 5051 1044 859 Parts 513 | 10 38 10 . 6 134 37 229 21 28 Haulers Intercepted 18 | . 1 . . . 5 5 7 . . Recyclers Shooed 4 | . 1 . . . 1 . 2 . . Parts Field Recycled . | . . . . . . . . . . Retrieved Matter . | . . . . . . . . . . Parts Self-Destructed . | . . . . . . . . . . Prevented . | . . . . . . . . . . Kills | -11 -10 -10 -10 -9 -8 -8 -7 -7 -7 ------- Run | Scr Mat Min Exi Min Mat Sto Fac Low Low Combat Hostiles Destroyed 222 | . 11 7 . 2 55 14 110 5 18 Melee 1 | . . . . . . 1 . . . Guns 116 | . 8 . . 2 47 12 38 1 8 Cannons 66 | . 2 5 . . 6 1 42 3 7 AOE 24 | . . 2 . . . . 20 1 1 Classes Destroyed 16 | 3 4 . . . 5 1 2 . 1 Worker 6 | 1 1 . . . . . 4 . . Builder 8 | . . . . . 1 1 6 . . Tunneler 2 | 2 . . . . . . . . . Hauler 18 | . 1 . . . 5 5 7 . . Recycler 17 | 1 2 . . . 2 1 11 . . Operator 3 | . . . . . 1 . 2 . . Watcher 14 | . 3 . . . 4 . 7 . . Swarmer 33 | . 6 3 . . 8 2 7 . 7 Grunt 124 | . 5 4 . 2 35 4 66 4 4 Brawler 3 | . . . . . . 1 2 . . Duelist 7 | . . . . . 1 . 5 1 . Protector 1 | . . . . . . . 1 . . Sentry 28 | . . . . . 9 6 12 . 1 Hunter 10 | . . . . . 2 2 6 . . Programmer 11 | . . . . . . . 11 . . Thug 5 | . . . . . . . . . 5 Mutant 1 | . . . . . . . . . 1 Best Kill Streak 22 | 2 5 2 . 2 11 5 22 3 6 Combat Bots Only 14 | . 3 2 . 2 5 2 14 3 6 Max Kills in Single Turn 3 | 1 2 2 . 1 2 1 3 1 1 Gunslinging 1 | . 1 . . . . . . . . Exploded 2 | . . 2 . . . . 2 1 1 Melee 1 | . . . . . . 1 . . . Uniques/NPCs Destroyed . | . . . . . . . . . . Combat | -11 -10 -10 -10 -9 -8 -8 -7 -7 -7 -------- Run | Scr Mat Min Exi Min Mat Sto Fac Low Low Damage Taken 5901 | . 163 181 . 7 944 307 3241 209 849 Core 4179 | . 104 119 . 5 687 211 2268 174 611 Absorbed by Shields . | . . . . . . . . . . Redirected to Core 3574 | . 70 106 . 5 573 180 1976 126 538 Core Remaining (%) 99 | 100 . . . 99 . 98 . . . Volleys Fired 416 | 23 47 8 . . 40 36 187 53 22 Largest 9 | 1 3 3 . . 7 7 9 6 9 Hottest 658 | 50 110 300 . . 486 486 652 424 658 Shots Fired 1674 | 23 88 24 . 6 318 143 811 114 147 Gun 1039 | 23 83 . . 6 246 115 433 67 66 Cannon 166 | . . . . . . . 98 26 42 Launcher 50 | . . . . . . . 50 . . Special 419 | . 5 24 . . 72 28 230 21 39 Kinetic . | . . . . . . . . . . Thermal 1076 | 23 88 24 . 6 318 143 414 21 39 Explosive . | . . . . . . . . . . Electromagnetic 598 | . . . . . . . 397 93 108 Robot Hit Streak 91 | 13 28 11 . 6 63 24 91 25 31 Robot Miss Streak 5 | 1 2 5 . 2 2 2 2 1 1 Penetration Max . | . . . . . . . . . . Secondary Targets 3 | . 1 . . . . . 2 . . Max Gunslinging Chain 1 | . 1 . . . . . 1 . . Autonomous 102 | . . . . 6 96 . . . . Shots Hit Robots 1129 | 21 73 14 . 4 236 92 540 67 82 Core Hits 530 | 5 26 8 . 2 123 38 268 29 31 Critical Hits 2 | . 1 . . . . . 1 . . Critical Kills 2 | . 1 . . . . . 1 . . Critical Parts Destroyed . | . . . . . . . . . . Melee Attacks 21 | . . . . . 4 17 . . . Impact . | . . . . . . . . . . Slashing 21 | . . . . . 4 17 . . . Piercing . | . . . . . . . . . . Sneak Attacks 2 | . . . . . . 2 . . . Combat Hostiles . | . . . . . . . . . . Follow-up Attacks . | . . . . . . . . . . Damage Inflicted 28196 | 270 1016 517 . 135 5810 2038 15084 1298 2028 Guns 15916 | 270 993 . . 135 5121 1443 6025 973 956 Cannons 1516 | . . . . . . . 742 231 543 Explosions 4931 | . . 157 . . . . 4437 38 299 Melee 285 | . . . . . . 285 . . . Ramming 5 | . . . . . . . 5 . . Kinetic . | . . . . . . . . . . Thermal 18935 | 270 1016 517 . 135 5810 1753 8811 94 529 Explosive 781 | . . . . . . . 781 . . Electromagnetic 8190 | . . . . . . . 5487 1204 1499 Impact . | . . . . . . . . . . Slashing 285 | . . . . . . 285 . . . Piercing . | . . . . . . . . . . Highest Corruption 7 | . 1 1 1 1 . . 7 5 5 Average Corruption 3 | . 1 1 1 1 . . 4 5 5 Corruption Purged 7 | . . . . . . . 7 . . Effects 230 | . . 5 1 3 . . 131 48 42 Message Errors 47 | . . 2 1 2 . . 29 5 8 Matter Fused 50 | . . . . . . . 25 16 9 Heat Flow Errors 37 | . . . . . . . 22 8 7 Energy Discharges 18 | . . 1 . 1 . . 11 3 2 Parts Rejected 3 | . . . . . . . 3 . . Data Loss (minor) 20 | . . 2 . . . . 9 6 3 Data Loss (major) 9 | . . . . . . . 5 3 1 Misfires 7 | . . . . . . . 4 2 1 Targeting Errors 36 | . . . . . . . 21 5 10 Weapon Failures 3 | . . . . . . . 2 . 1 Overload Shots . | . . . . . . . . . . Overflow Damage 626 | . . 29 . . 11 6 487 . 93 Projectiles 154 | . . 29 . . 11 6 85 . 23 Explosions 472 | . . . . . . . 402 . 70 Melee . | . . . . . . . . . . Knockbacks . | . . . . . . . . . . Impact . | . . . . . . . . . . Kinetic . | . . . . . . . . . . Secondary . | . . . . . . . . . . Self-Inflicted Damage 685 | . . 33 . . . . 628 . 24 Shots 23 | . . 1 . . . . 21 . 1 Rammed 1 | . . . . . . . 1 . . Targets Rammed 1 | . . . . . . . 1 . . Kicked . | . . . . . . . . . . Crushed . | . . . . . . . . . . Highest Temperature 419 | 208 195 297 . . 419 9 381 94 124 Average Temperature 89 | 75 61 112 . . 138 3 93 65 64 Received Heat Transfer 3729 | . 99 123 . 6 570 180 2013 27 711 Effects 4 | 1 . 1 . . 1 . 1 . . Shutdowns 2 | . . . . . 1 . 1 . . Energy Bleed 1 | . . 1 . . . . . . . Interference 1 | 1 . . . . . . . . . Siege Activations . | . . . . . . . . . . Robots Corrupted 12 | . . . . . . . 9 1 2 Combat Hostiles 11 | . . . . . . . 9 . 2 Parts Fried 58 | . . . . . . . 38 13 7 Impact Corruptions . | . . . . . . . . . . Robots Melted 4 | . 1 . . . 2 . 1 . . Combat Hostiles 4 | . 1 . . . 2 . 1 . . Parts Melted 29 | 1 4 . . . 10 3 11 . . Heat Transferred 28562 | 777 2279 750 . 148 8393 3386 11979 150 700 Parts Sabotaged . | . . . . . . . . . . Parts Stolen . | . . . . . . . . . . Parts Stripped . | . . . . . . . . . . Power Chain Reactions 25 | . . . . . . . 21 1 3 Missiles Intercepted . | . . . . . . . . . . Alert | -11 -10 -10 -10 -9 -8 -8 -7 -7 -7 ------- Run | Scr Mat Min Exi Min Mat Sto Fac Low Low Peak Influence 757 | 20 289 109 . 55 494 293 757 . . Average Influence 160 | 7 74 28 . . 185 108 210 . . Maximum Alert Level 3 | . 1 . . . 2 1 3 . . Low Security (%) 65 | 100 87 100 . 100 56 82 53 . . Level 1 24 | . 12 . . . 40 17 28 . . Level 2 9 | . . . . . 3 . 17 . . Level 3 . | . . . . . . . . . . Level 4 . | . . . . . . . . . . Level 5 . | . . . . . . . . . . High Security . | . . . . . . . . . . Max Security . | . . . . . . . . . . Squads Dispatched 58 | . 1 . . 1 13 5 38 . . Investigation 34 | . 1 . . 1 10 3 19 . . Extermination 11 | . . . . . . . 11 . . Reinforcement 10 | . . . . . 3 1 6 . . Assault 1 | . . . . . . . 1 . . Garrison 2 | . . . . . . 1 1 . . Intercept . | . . . . . . . . . . Construction Impeded 3 | . . . . . . . 3 . . Haulers Reinforced . | . . . . . . . . . . Stealth | -11 -10 -10 -10 -9 -8 -8 -7 -7 -7 --------- Run | Scr Mat Min Exi Min Mat Sto Fac Low Low Distress Signals 13 | . 1 3 . . 3 3 3 . . Communications Jammed . | . . . . . . . . . . Distress Signals . | . . . . . . . . . . Times Spotted 310 | . 23 7 . 2 64 35 153 6 20 Peak Tracking Total 9 | . 5 2 . . 5 5 9 3 7 Tactical Retreats 20 | . 1 . . . 3 1 14 1 . Traps | -11 -10 -10 -10 -9 -8 -8 -7 -7 -7 ------- Run | Scr Mat Min Exi Min Mat Sto Fac Low Low Traps Triggered 20 | . 3 . . . 3 2 12 . . Indirectly 2 | . . . . . . . 2 . . Trap Hack Attempts . | . . . . . . . . . . Triggered . | . . . . . . . . . . Disarmed 7 | . . . . . 2 5 . . . Reprogrammed . | . . . . . . . . . . Reused . | . . . . . . . . . . Traps Extracted . | . . . . . . . . . . Installed . | . . . . . . . . . . Triggered 1 | . . . . . . . . . 1 Machines | -11 -10 -10 -10 -9 -8 -8 -7 -7 -7 ---------- Run | Scr Mat Min Exi Min Mat Sto Fac Low Low Machines Disabled 49 | . . 2 . . 2 8 34 . 3 Max in Single Turn 5 | . . 2 . . 1 1 5 . 1 Garrison Access 1 | . . . . . . . 1 . . Machines Sabotaged . | . . . . . . . . . . Garrisons Compromised . | . . . . . . . . . . Overloaded Fab Kills 11 | . . . . . . . 11 . . Fab Network Shutdowns 1 | . . . . . . . 1 . . Hacking | -11 -10 -10 -10 -9 -8 -8 -7 -7 -7 --------- Run | Scr Mat Min Exi Min Mat Sto Fac Low Low Machines Accessed 80 | . 8 1 1 1 16 18 34 . 1 Terminals 48 | . 7 1 . . 9 14 16 . 1 Fabricators 5 | . . . . . . . 5 . . Repair Stations 6 | . . . . . 2 1 3 . . Recycling Units 9 | . 1 . . . 2 2 4 . . Scanalyzers 6 | . . . . . 2 . 4 . . Garrison Access 4 | . . . . . 1 1 2 . . Total Hacks 305 | . 37 2 1 1 74 78 107 . 5 Successful 235 | . 31 2 1 1 60 60 75 . 5 Failed 70 | . 6 . . . 14 18 32 . . Catastrophic 6 | . . . . . 2 . 4 . . Database Lockouts . | . . . . . . . . . . Manual 233 | . 34 2 1 . 61 64 71 . . Terminals 207 | . 31 2 . . 48 61 60 . 5 Fabricators 9 | . . . . . . . 9 . . Repair Stations 12 | . . . . . 2 2 8 . . Recycling Units 44 | . 6 . . . 14 12 12 . . Scanalyzers 23 | . . . . . 8 . 15 . . Garrison Access 8 | . . . . . 2 3 3 . . Terminal Hacks 96 | . 19 1 1 1 23 25 21 . 5 Record 5 | . . . . . . . . . 5 Part Schematic 15 | . 4 . . . . 9 2 . . Robot Schematic 5 | . 2 . . . . 3 . . . Robot Analysis 36 | . 10 . . . 12 1 13 . . Prototype ID Bank 20 | . 1 1 . . 8 6 4 . . Open Door 4 | . . . . 1 . 3 . . . Unreport Threat 5 | . 1 . . . 1 2 1 . . Disarm Traps 2 | . . . . . 1 1 . . . Hauler Manifests 3 | . 1 . . . 1 . 1 . . EX-Prototype ID Bank 1 | . . . 1 . . . . . . Fabricator Hacks 4 | . . . . . . . 4 . . Load Schematic 2 | . . . . . . . 2 . . Build 2 | . . . . . . . 2 . . Repair Station Hacks 9 | . . . . . 1 2 6 . . Scan Component 2 | . . . . . . . 2 . . Repair 2 | . . . . . . . 2 . . Refit 5 | . . . . . 1 2 2 . . Recycling Unit Hacks 12 | . 2 . . . 4 2 4 . . Report Inventory 5 | . 1 . . . 2 . 2 . . Retrieve Components 7 | . 1 . . . 2 2 2 . . Scanalyzer 11 | . . . . . 4 . 7 . . Insert Component 6 | . . . . . 2 . 4 . . Analyze 5 | . . . . . 2 . 3 . . Garrison Access Hacks . | . . . . . . . . . . Unauthorized Hacks 103 | . 10 1 . . 28 31 33 . . Terminals 59 | . 7 1 . . 12 20 19 . . Track 2 | . . 1 . . . 1 . . . Botnet 44 | . 7 . . . 8 14 15 . . Detonate 2 | . . . . . . 1 1 . . Disrupt 7 | . . . . . 1 3 3 . . Operators 2 | . . . . . 1 1 . . . Sabotage 1 | . . . . . 1 . . . . Search 1 | . . . . . 1 . . . . Fabricators 4 | . . . . . . . 4 . . Overload 3 | . . . . . . . 3 . . Download 1 | . . . . . . . 1 . . Repair Stations 1 | . . . . . 1 . . . . Mechanics 1 | . . . . . 1 . . . . Recycling Units 26 | . 3 . . . 10 9 4 . . Monitor 6 | . 1 . . . 2 2 1 . . Reject 3 | . . . . . 2 1 . . . Recyclers 4 | . . . . . 2 2 . . . Mask 6 | . 1 . . . 2 2 1 . . Tunnel 7 | . 1 . . . 2 2 2 . . Scanalyzers 8 | . . . . . 3 . 5 . . Researchers 2 | . . . . . 1 . 1 . . Extract 6 | . . . . . 2 . 4 . . Garrison Access 5 | . . . . . 2 2 1 . . Reprogram 5 | . . . . . 2 2 1 . . Data Cores Recovered 3 | . . . . . 1 . 2 . . Used 1 | . . . . . 1 . . . . Hacking Detections 63 | . 8 1 . . 11 16 26 . 1 Full Trace Events 14 | . . . . . 6 1 7 . . Feedback Events . | . . . . . . . . . . Feedback Blocked . | . . . . . . . . . . Robot Schematics Acquired 5 | . 2 . . . . 3 . . . Robots Built . | . . . . . . . . . . Matter . | . . . . . . . . . . Time . | . . . . . . . . . . Total Robot Build Rating . | . . . . . . . . . . Part Schematics Acquired 35 | . 4 . . . 7 9 15 . . Parts Built 3 | . . . . . . . 3 . . Matter 102 | . . . . . . . 102 . . Time 25 | . . . . . . . 25 . . Total Part Build Rating 3 | . . . . . . . 3 . . Parts Repaired 2 | . . . . . . . 2 . . Time 70 | . . . . . . . 70 . . Parts Recycled . | . . . . . . . . . . Recycled Matter . | . . . . . . . . . . Retrieved Matter . | . . . . . . . . . . Retrieved Components 54 | . 7 . . . 15 15 17 . . Parts Scanalyzed 6 | . . . . . 2 . 4 . . Part Schematics Acquired 5 | . . . . . 2 . 3 . . Parts Damaged 1 | . . . . . . . 1 . . Bothacking | -11 -10 -10 -10 -9 -8 -8 -7 -7 -7 ------------ Run | Scr Mat Min Exi Min Mat Sto Fac Low Low Used RIF Installer . | . . . . . . . . . . Robots Hacked . | . . . . . . . . . . Non-combat . | . . . . . . . . . . Combat . | . . . . . . . . . . Robot Hacks Applied . | . . . . . . . . . . Relay Couplers Released . | . . . . . . . . . . Robots Rewired . | . . . . . . . . . . Allies Hacked . | . . . . . . . . . . Hacks Repelled . | . . . . . . . . . . Allies | -11 -10 -10 -10 -9 -8 -8 -7 -7 -7 -------- Run | Scr Mat Min Exi Min Mat Sto Fac Low Low Total Allies 24 | . . 3 . 2 3 16 . . . Largest Group 11 | . . 3 3 5 5 11 . . . Highest-Rated Group 187 | . . 40 40 85 85 187 . . . Highest-Rated Ally 31 | . . 16 16 31 31 29 . . . Total Orders 10 | . . . . . . 8 2 . . STAY 1 | . . . . . . . 1 . . GOTO 8 | . . . . . . 7 1 . . FOLLOW 1 | . . . . . . 1 . . . Ally Attacks 151 | . . . . . 43 108 . . . Total Damage 2499 | . . . . . 1113 1386 . . . Kills 24 | . . . . . 8 16 . . . Allies Corrupted . | . . . . . . . . . . Allies Melted . | . . . . . . . . . . Intel | -11 -10 -10 -10 -9 -8 -8 -7 -7 -7 ------- Run | Scr Mat Min Exi Min Mat Sto Fac Low Low Robot Analysis Total 36 | . 10 . . . 12 1 13 . . Derelict Logs Recovered 3 | . . 1 . 1 . . . . 1 Drone Launches 16 | . . . . . . 16 . . . Drone Recoveries . | . . . . . . . . . . Exploration | -11 -10 -10 -10 -9 -8 -8 -7 -7 -7 ------------- Run | Scr Mat Min Exi Min Mat Sto Fac Low Low Turns Passed 19284 | 197 962 1278 392 416 3242 2151 7533 1811 1302 Spaces Moved 7941 | 91 449 510 217 219 1495 1017 2692 735 516 Core 9 | 2 1 . . . 6 . . . . Treads 7927 | 89 448 510 217 219 1487 1015 2691 735 516 Legs . | . . . . . . . . . . Wheels . | . . . . . . . . . . Hover 5 | . . . . . 2 2 1 . . Flight . | . . . . . . . . . . Fastest Speed 50 | 50 160 160 160 180 80 165 180 220 200 Average Speed 189 | 157 167 179 179 180 167 174 201 220 219 Slowest Speed 600 | 160 250 180 180 180 600 320 320 220 220 Overloaded Moves . | . . . . . . . . . . Propulsion Burnouts . | . . . . . . . . . . Robots Hopped . | . . . . . . . . . . Cave-ins Triggered 3 | . . . . . 1 . 1 1 . Exploration Rate (%) 75 | 6 79 87 62 85 95 93 82 87 78 Regions Visited 9 Branch Regions 6 Pre-discovered Areas 10 | . 1 1 . 1 2 3 2 . . Known Exits Taken 9 | 1 1 1 1 1 1 1 1 1 . Unknown Exits Taken . | . . . . . . . . . . Scrap Searched 6 | . . 1 . . . . . 3 2 Spaces Dug 9 | . . . . . 4 3 . 2 . Terrain Destroyed 333 | . . 28 . 2 23 8 251 10 11 Melee 7 | . . . . . 4 3 . . . Projectile 52 | . . 4 . 2 19 5 15 3 4 AOE 274 | . . 24 . . . . 236 7 7 Actions | -11 -10 -10 -10 -9 -8 -8 -7 -7 -7 --------- Run | Scr Mat Min Exi Min Mat Sto Fac Low Low Total 10401 | 119 571 804 219 243 1957 1238 3897 809 544 Wait 1393 | . 34 274 . 4 311 58 710 . 2 Move 7932 | 90 448 509 216 218 1494 1016 2691 734 516 Hop . | . . . . . . . . . . Pick Up 20 | . 3 . . 3 2 7 5 . . Fast Attach 118 | 6 12 3 1 2 26 17 49 1 1 Attach 10 | . . . . . 2 2 6 . . Detach 18 | . 4 1 1 . 3 3 6 . . Swap 60 | . 2 2 1 1 10 12 32 . . Drop 125 | . 11 3 . 6 10 30 63 1 1 Fire 416 | 23 47 8 . . 40 36 187 53 22 Melee 21 | . . . . . 4 17 . . . Ram . | . . . . . . . . . . Kick . | . . . . . . . . . . Crush 1 | . . . . . . . 1 . . Escape Stasis 8 | . . . . . . . 8 . . Rewire 2 | . . . . . . . 2 . . Trap . | . . . . . . . . . . Miscellaneous 277 | . 10 4 . 9 55 40 137 20 2 Route ------- -11/Scrapyard -10/Materials (discovered 4 exits: *Mat x2 / *Min x2) -10/Mines (discovered 3 exits: *Mat x2 / *Exi) -10/Exiles (discovered 2 exits: *Min x2) -9/Mines (discovered 2 exits: *Mat x2) -8/Materials (discovered 4 exits: *Fac x3 / *Sto) -8/Storage (discovered 2 exits: *Fac / Rec) -7/Factory (discovered 6 exits: *Fac x4 / *Low x2) -7/Lower Caves -7/Lower Caves (discovered 2 exits: Fac / *Dat) History --------- Turn | Location | Event 6 | -11/Scrapyard | Identified exit to Materials 6 | -11/Scrapyard | Discovered exit to Materials (range 15) 134 | -11/Scrapyard | Upgraded with Power slot (x1) 134 | -11/Scrapyard | Upgraded with Utility slot (x1) 134 | -11/Scrapyard | Upgraded with Weapon slot (x1) 198 | -11/Scrapyard | Entered Materials 312 | -10/Materials | Build established: Hacker-Mutant 336 | -10/Materials | Identified exit to Mines 336 | -10/Materials | Discovered exit to Mines (range 16) 643 | -10/Materials | Identified exit to Materials 643 | -10/Materials | Discovered exit to Materials (range 5) 950 | -10/Materials | Discovered exit to Materials (range 16) 966 | -10/Materials | Reached level 2 966 | -10/Materials | Upgraded with Weapon slot (x1) 1100 | -10/Materials | Discovered exit to Mines (range 15) 1160 | -10/Materials | Entered Mines 1190 | -10/Mines | Met a Derelict bent on vengeance 1267 | -10/Mines | Build established: Hacker-Gunner 1417 | -10/Mines | Found a damaged Exp. Sensor Array with a note attached 1420 | -10/Mines | Found Prototype Device 1420 | -10/Mines | Identified Exp. Sensor Array 1450 | -10/Mines | Learned location of Storage (-8) 1561 | -10/Mines | Assembled infested the area 1911 | -10/Mines | Discovered exit to Materials (range 12) 2105 | -10/Mines | Reached level 3 2140 | -10/Mines | Learned Materials stockpile data 2220 | -10/Mines | Discovered exit to Materials (range 3) 2226 | -10/Mines | Assisted by bots powering up and referring to "LRC-V3" 2430 | -10/Mines | Deemed a non-threat by the Exiles lab entrance 2430 | -10/Mines | Identified exit to Exiles 2430 | -10/Mines | Discovered exit to Exiles (range 5) 2438 | -10/Mines | Entered Exiles 2438 | -10/Exiles | Accompanied by 3 allies 2462 | -10/Exiles | Identified exit to Mines 2462 | -10/Exiles | Discovered exit to Mines (range 15) 2487 | -10/Exiles | Met 8R-AWN 2514 | -10/Exiles | Met EX-HEX 2566 | -10/Exiles | Met EX-BIN 2586 | -10/Exiles | Aligned with FarCom system 2588 | -10/Exiles | Given EX-Vault access code 2631 | -10/Exiles | Opened EX-Vault 2638 | -10/Exiles | Upgraded with Weapon slot (x1) 2648 | -10/Exiles | Found AWS/Thermal 2686 | -10/Exiles | Warned to stay clear of 0b10 Research branches 2738 | -10/Exiles | Met EX-DEC 2812 | -10/Exiles | Discovered exit to Mines (range 12) 2830 | -10/Exiles | Left Exiles lab with AWS/Thermal 2830 | -10/Exiles | Entered Mines 2830 | -9/Mines | Accompanied by 3 allies 2836 | -9/Mines | A weapon hastily lodged in a ceiling crevice suddenly fell to the ground 2965 | -9/Mines | Joined a pair of Derelicts in attacking an 0b10 outpost 3037 | -9/Mines | Met a Derelict shopkeep closing up shop 3121 | -9/Mines | Build established: Hacker-Skirmisher 3163 | -9/Mines | Identified exit to Materials 3163 | -9/Mines | Discovered exit to Materials (range 9) 3214 | -9/Mines | Discovered exit to Materials (range 12) 3246 | -9/Mines | Entered Materials 3246 | -8/Materials | Accompanied by 5 allies 3248 | -8/Materials | Reached level 4 3248 | -8/Materials | Reached level 5 3248 | -8/Materials | Reached level 6 3248 | -8/Materials | Upgraded with Utility slot (x1) 3248 | -8/Materials | Upgraded with Weapon slot (x2) 3251 | -8/Materials | Led the pair of lost Derelicts to an unsafe place 3279 | -8/Materials | Released all parts (10) 3412 | -8/Materials | Reached level 7 3423 | -8/Materials | Upgraded with Weapon slot (x1) 3616 | -8/Materials | Reached level 8 3754 | -8/Materials | Build established: Pyromaniac-Executioner 3827 | -8/Materials | Identified exit to Factory 3827 | -8/Materials | Discovered exit to Factory (range 16) 4163 | -8/Materials | Reached level 9 4215 | -8/Materials | Identified exit to Storage 4215 | -8/Materials | Discovered exit to Storage (range 7) 4639 | -8/Materials | Reached level 10 4879 | -8/Materials | Discovered exit to Factory (range 13) 5095 | -8/Materials | Reached level 11 5315 | -8/Materials | Discovered exit to Factory (range 10) 5436 | -8/Materials | Build established: Hacker-Executioner 5828 | -8/Materials | Reached level 12 5952 | -8/Materials | Upgraded with Utility slot (x1) 6071 | -8/Materials | Build established: Pyromaniac-Executioner 6159 | -8/Materials | Crushed by falling debris 6488 | -8/Materials | Entered Storage 6488 | -8/Storage | Accompanied by 1 ally 6502 | -8/Storage | Assisted by bots powering up and referring to "LRC-V3" 6525 | -8/Storage | Core integrity fell below 50% 6729 | -8/Storage | Identified exit to Recycling 6729 | -8/Storage | Discovered exit to Recycling (range 20) 6957 | -8/Storage | Build established: Commander-Assassin 7131 | -8/Storage | Reached level 13 7166 | -8/Storage | Garrison activated, responded to threat 7636 | -8/Storage | Upgraded with Power slot (x1) 7719 | -8/Storage | Build established: Pyromaniac-Assassin 7721 | -8/Storage | Discovered exit to Factory (range 15) 7869 | -8/Storage | Upgraded with Utility slot (x1) 8639 | -8/Storage | Entered Factory 8639 | -7/Factory | Accompanied by 15 allies 8641 | -7/Factory | Reached level 14 8737 | -7/Factory | Reached level 15 9007 | -7/Factory | Identified exit to Factory 9007 | -7/Factory | Discovered exit to Factory (range 18) 9123 | -7/Factory | Garrison activated, responded to threat 9357 | -7/Factory | Reached level 16 9363 | -7/Factory | Core integrity fell below 50% 9451 | -7/Factory | Destroyed 14 combat bots 9498 | -7/Factory | Crushed by falling debris 9571 | -7/Factory | Upgraded with Weapon slot (x2) 10388 | -7/Factory | Build established: Hacker-Executioner 10453 | -7/Factory | Discovered exit to Factory (range 16) 10743 | -7/Factory | Identified exit to Lower Caves 10743 | -7/Factory | Discovered exit to Lower Caves (range 19) 11234 | -7/Factory | Reached level 17 11239 | -7/Factory | Fabricated Mining Laser (x3) 11326 | -7/Factory | Local fabrication network quarantined 12420 | -7/Factory | Discovered exit to Factory (range 14) 14236 | -7/Factory | Discovered exit to Factory (range 16) 14457 | -7/Factory | Discovered exit to Lower Caves (range 13) 14503 | -7/Factory | Reached level 18 14627 | -7/Factory | Repaired Med. Reactive Plating 15145 | -7/Factory | Build established: Hacker-Skirmisher 15333 | -7/Factory | Repaired Mining Laser 16172 | -7/Factory | Entered Lower Caves 16267 | -7/Lower Caves | Crushed by falling debris 16607 | -7/Lower Caves | Build established: Generator-Mutant 17386 | -7/Lower Caves | Build established: Generator-Executioner 17826 | -7/Lower Caves | Identified exit to Lower Caves 17826 | -7/Lower Caves | Discovered exit to Lower Caves (range 19) 17983 | -7/Lower Caves | Entered another Lower Caves area 17999 | -7/Lower Caves | Discovered exit to Factory (range 10) 18247 | -7/Lower Caves | Encountered a Warlord checkpoint 18274 | -7/Lower Caves | Identified exit to Data Miner 19080 | -7/Lower Caves | Attracted the attention of an 0b10 base 19150 | -7/Lower Caves | Learned location of 1 exit from Proximity Caves 19150 | -7/Lower Caves | Learned location of 1 exit from Research 19150 | -7/Lower Caves | Learned Research security intel 19150 | -7/Lower Caves | Learned Extension terminal intel 19221 | -7/Lower Caves | Attacked by a faux Warlord 19244 | -7/Lower Caves | Core integrity fell below 20% 19285 | -7/Lower Caves | Destroyed by QJ-7JB(g) with Beamcaster Last Messages --------------- territory! Guards, destroy it!" 19227_ 6H-E04(g) destroyed. 19229_ System corrupted: FCS attempts to trigger Arc Projector. 19229_ System corrupted: Arc Projector misfires. 19237_ System corrupted: Lightning Gun targeting data glitched. 19238_ PZ-2H0(M) system terminally corrupted. 19238_ Unknown Device fried. 19247_ KY-NBZ(g) destroyed. 19257_ System corrupted: Lightning Gun failed to cycle. 19257_ System corrupted: Arc Projector targeting data glitched. 19257_ 1W-F81(g) shuts down. 19257_ 1W-F81(g) destroyed. 19267_ Destroyed Imp. Heat Sink. 19267_ Imp. Heat Sink fried. 19267_ Lgt. Angular Momentum Engine fried. 19267_ HP-X0F(g) destroyed. 19270_ System corrupted: Heat flow error (+103). 19277_ System corrupted: Imp. EM Pulse Cannon targeting data glitched. 19277_ Lgt. Angular Momentum Engine fried. 19277_ U5-5XX(g) destroyed. Map ----- +----------------------------------------------------+ | ????????????????????????????????????????????????? | | ???????????????????????????????#????????????????? | | ??????????????????????##?##?#???????#???????????? | | ????????????????????##?#?##???#?###?######????#?# | | ??????????????????##?#?# #?####?###?###? ?" "" | | ????????????????#????## ########?#?### ?##? | | ??????????????#??## ########### ? | | ????????????###? ######### ## | | ????????????? ## ####### #### | | ???????????"" ##### ##### #### ### | | ?????????# " ##### #### #### #### | | ????????#? """" ##### ### ### #### | | ????????## ##### ## ? ## #### | | ???????######## ###### ### ## # #### | | ???????######## ### ##### | | ???????######## ####### ## ###### | | ???????######## ## # # #### ####### #### | | ??????######### # # #### ##### ##### | | ?????########## # ## #### #### ###### | | ?????########## [# ###! ####### | | ?????########## # # !# % ###%!##### ### ### | | ?????########## # #" ] ##### # ## | | ????########### ######" ###### | | ????########### [%##### | | ????############## ###g#### #### ### | | ????############## # %@=!% # #### | | ????############### # [!= ###### | | ????################## ######;#### ####### | | ???################## #]]" "# ####### | | ????################## #]]" # ##### | | ?????############# # #"" ==[" ##### | | ????############## # + *%*# " # | | ????############ # # =%!%#% ##### | | ?????########## # =!=!* # | | ?????########## # | | ????#?######### / T " # | | ?????#?########### #""" """"# ## ## | | ??????############# ########### ####### | | ??????############# ####### | | ??????############## ######## | | ????????###################################### | | ?????????######################################## | | ?????????#?###################################### | | ?????????#?###################################### | | ?????????#?###?################################## | | ???????????###?################################## | | ???????????#?#?################################## | | ????????????##?################################## | | ????????????????##############################?#? | | ????????????????#?#??########################???? | +----------------------------------------------------+ Best States ------------- Heat Dissipation 145 Energy Generation 42 Energy Capacity 920 Matter Stores 300 Matter Capacity 300 Sight Range 16 Robot Scan Range 30 Terrain Scan Range 20 Terrain Scan Density 510 Armor Coverage 450 Resistance: KI 65 Resistance: TH 55 Resistance: EX 35 Resistance: EM 35 Resistance: I 35 Resistance: S 35 Resistance: P 35 Propulsion Shielding 33 Weapon Cycling 15 Evasion (%) 49 Targeting Accuracy 8 Recoil Reduction 1 Particle Charging 15 Kinecelleration 30 Offensive Hacking 20 Item Schematics ----------------- Hcp. Battery | -10/Materials | Hacked Lgt. Armor Plating | -10/Materials | Hacked EM Pulse Gun | -10/Materials | Hacked Datajack | -10/Materials | Hacked Mak. Sword | -8/Materials | Scanalyzed Lightning Gun | -8/Materials | Scanalyzed Hrd. Light Armor Plating | -8/Materials | Extracted Mining Laser | -8/Materials | Extracted Titanium Leg | -8/Materials | Extracted Adv. EMP Blaster | -8/Materials | Extracted Imp. Hover Unit | -8/Materials | Extracted Imp. Deuterium Engine | -8/Storage | Hacked Adv. Sensor Array | -8/Storage | Hacked Adv. Signal Interpreter | -8/Storage | Hacked Adv. Terrain Scanner | -8/Storage | Hacked Reflective Plating | -8/Storage | Hacked Particle Charger | -8/Storage | Hacked Shock Rifle | -8/Storage | Hacked Cld. Ion Engine | -8/Storage | Hacked Adv. Treads | -8/Storage | Hacked Electrolaser | -7/Factory | Scanalyzed Pulse Rifle | -7/Factory | Scanalyzed Actuator Array | -7/Factory | Extracted Maneuvering Thrusters | -7/Factory | Extracted Remote Datajack | -7/Factory | Extracted Hvy. Ion Cannon | -7/Factory | Extracted Hardlight Generator | -7/Factory | Extracted Imp. Light Armor Plating | -7/Factory | Extracted Arc Projector | -7/Factory | Hacked Arm. Medium Treads | -7/Factory | Hacked Energy Filter | -7/Factory | Scanalyzed Shotgun | -7/Factory | Extracted Arm. Huge Wheel | -7/Factory | Extracted Imp. Sensor Array | -7/Factory | Extracted Imp. Shield Generator | -7/Factory | Downloaded Robot Schematics ------------------ G-34 Mercenary | -10/Materials | Hacked O-16 Technician | -10/Materials | Hacked O-24 Administrator | -8/Storage | Hacked H-55 Commando | -8/Storage | Hacked D-53 Grenadier | -8/Storage | Hacked Fabricated ------------ Mining Laser | x3 | -7/Factory Alien Tech Used ----------------- None Achievements -------------- Gun Specialist Challenges ------------ None RPGLIKE | -11 -10 -10 -10 -9 -8 -8 -7 -7 -7 --------- Run | Scr Mat Min Exi Min Mat Sto Fac Low Low Levels Raised 17 | . 1 1 . . 9 1 5 . . XP Earned 32378 | 6000 1720 1400 350 1005 12283 2518 6638 176 288 XP Spent 31150 | 5820 1550 . 1600 . 11250 2950 7980 . . Upgrades 56 | 14 2 . 2 . 24 3 11 . . Power Slot 2 | 1 . . . . . 1 . . . Utility Slot 4 | 1 . . . . 2 1 . . . Weapon Slot 8 | 1 1 . 1 . 3 . 2 . . Heat Dissipation 20 | 2 . . . . 10 . 8 . . Energy Generation 1 | 1 . . . . . . . . . Energy Storage 1 | . . . . . . . 1 . . Inventory Capacity 3 | 1 . . 1 . . 1 . . . Terrain Scan Density 5 | . . . . . 5 . . . . KI Resistance % 4 | 3 1 . . . . . . . . TH Resistance % 4 | . . . . . 4 . . . . TH Damage % 4 | 4 . . . . . . . . . Protomatter Created 2964 | . 66 29 . . 776 271 1496 180 146 Integrity Restored 5004 | . 192 63 . 157 755 600 2830 388 19 Core 3576 | . 102 63 . 58 413 478 2280 174 8 Parts 1428 | . 90 . . 99 342 122 550 214 11 Protomatter Decayed 1770 | . . 87 . . 573 536 451 46 77 Game ------ Seed FieldNodeSplitter Manual? 1 Play Time 03:12:47 Cumulative 185.1 hours Start 2020.04.18 @ 16:59:49 End 2020.04.18 @ 20:27:23 Sessions 1 Manual Loads 0 Difficulty Explorer Special Mode Winter2019/RPGLIKE Game No. 29 Rogue 1 Adventurer 3 Explorer 25 Win Type - Total 14 Types 14/0/0/0/0/0/0 Lore% 68 Gallery% 81 Achievement% 76 Wizard Run 0 Options --------- ASCII 0 Keyboard 1 Movement Vi Keybinds 0 Fullscreen 2 Font 24/Terminus Map View 76x50 Tactical HUD 1 Map Filters NONE Filters NONE Steam X RUN: 6a209c0a-1bfa-4ae3-9c3b-f721f819780f